 Dungeon Crawl Stone Soup version 0.28.0-43-g3370ac3207 (webtiles) character file.

Game seed: 8817087292870148521

84707 safid the Apostle (level 15, -5/146 HPs)
             Began as a Hill Orc Fighter on Feb 28, 2022.
             Was a High Priest of Beogh.
             Slain by a cyclops (10 damage)
             ... on level 4 of the Shoals on Mar 1, 2022.
             The game lasted 01:10:00 (31164 turns).

safid the Apostle (Hill Orc Fighter)               Turns: 31164, Time: 01:10:00

Health: -5/146     AC: 24    Str: 33    XL:     15   Next: 81%
Magic:  27/27      EV: 13    Int:  8    God:    Beogh [*****.]
Gold:   1379       SH:  5    Dex: 10    Spells: 14/14 levels left

rFire   + . .      SeeInvis .   O - +8 whip "Snakebite" {venom, curare, rPois}
rCold   . . .      Faith    .   c - +0 buckler
rNeg    . . .      Spirit   .   V - +2 plate armour {rF+}
rPois   +          Reflect  .   N - +2 hat {Will+}
rElec   .          Harm     .   M - scarf {repulsion}
rCorr   .          Rampage  .   m - +2 pair of gloves
Will    ++...                   G - +2 pair of boots
Stlth   ..........              L - amulet of the acrobat
HPRegen 0.34/turn               e - +4 ring of evasion
MPRegen 0.20/turn               z - +6 ring of strength

@: on berserk cooldown, hasted and slowed, repel missiles
A: walk on water
a: Renounce Religion, Smiting, Recall Orcish Followers, Give Item to Named
Follower


You were on level 4 of the Shoals.
You worshipped Beogh.
Beogh was extremely pleased with you.
You visited 4 branches of the dungeon, and saw 24 of its levels.
You also visited: Volcano.

You collected 2723 gold pieces.
You spent 1344 gold pieces at shops.

Inventory:

Hand Weapons
 H - a +4 broad axe of electrocution
 O - the +8 whip "Snakebite" (weapon) {venom, curare, rPois}
   (You found it on level 2 of the Lair of Beasts)

   It poisons the flesh of those it strikes.
   It occasionally inflicts asphyxiating poison on those it strikes, dealing
   poison damage and causing slowness.
   rPois:     It protects you from poison.
Missiles
 w - 2 silver javelins (quivered)
 B - 15 poisoned darts
 D - a curare-tipped dart
 P - 3 throwing nets
 R - 14 javelins
Armour
 c - a +0 buckler (worn)
 m - a +2 pair of gloves (worn)
 y - a +2 cloak
 G - a +2 pair of boots (worn)
 M - a scarf of repulsion (worn)
 N - a +2 hat of willpower (worn)
 V - a +2 plate armour of fire resistance (worn)
Jewellery
 e - a +4 ring of evasion (left hand)
 z - a +6 ring of strength (right hand)
 L - an amulet of the acrobat (around neck)
 U - a ring of poison resistance
Wands
 d - a wand of digging (23)
 i - a wand of mindburst (6)
 j - a wand of polymorph (19)
 l - a wand of iceblast (12)
 E - a wand of paralysis (2)
 J - a wand of charming (8)
 Q - a wand of acid (5)
 Y - a wand of flame (8)
Scrolls
 a - 2 scrolls of fog
 b - 5 scrolls of teleportation
 o - 3 scrolls of holy word
 v - 2 scrolls of magic mapping
 x - a scroll of brand weapon
 I - a scroll of immolation
Potions
 g - 3 potions of might
 h - a potion of curing
 k - 2 potions of resistance
 p - 4 potions of cancellation
 r - 4 potions of mutation
 s - a potion of ambrosia
 t - 2 potions of haste
 A - 3 potions of magic
 S - 2 potions of flight
 T - 2 potions of brilliance
Miscellaneous
 q - a phantom mirror


   Skills:
 + Level 16.9 Fighting
 - Level 16.3(17.2) Axes
 - Level 8.0(12.0) Maces & Flails
 - Level 8.0 Armour
 - Level 4.0 Dodging
 - Level 8.0 Shields
 + Level 17.6 Invocations
 - Level 9.0 Evocations


You had 14 spell levels left.
You didn't know any spells.
Your spell library contained the following spells:

 Spells                   Type           Power      Damage    Failure   Level
 Animate Skeleton         Necr           0%         N/A       98%         1
 Apportation              Tloc           0%         N/A       98%         1
 Magic Dart               Conj           0%         1d3       98%         1
 Summon Small Mammal      Summ           0%         N/A       98%         1
 Ensorcelled Hibernation  Hex/Ice        0%         N/A       99%         2
 Passwall                 Tmut/Erth      0%         N/A       99%         2
 Searing Ray              Conj           0%         2d4       99%         2
 Swiftness                Air            0%         N/A       100%        3
 Fulminant Prism          Conj/Hex       0%         3d6       100%        4
 Leda's Liquefaction      Hex/Erth       0%         N/A       100%        4
 Lee's Rapid Deconstruct  Erth           0%         3d5*      100%        5
 Summon Forest            Summ/Tloc      0%         N/A       100%        5
 Summon Mana Viper        Hex/Summ       0%         N/A       100%        5
 Statue Form              Tmut/Erth      0%         N/A       100%        6
 Summon Cactus Giant      Summ           0%         N/A       100%        6


Dungeon Overview and Level Annotations

Branches:
Dungeon (12/15)            Temple (0/1) D:7            Lair (6/6) D:11
 Shoals (4/4) Lair:2       Spider (0/4) Lair:4        Slime (0/5) Lair:5
    Orc (2/2) D:9             Elf (0/3) Orc:2       Volcano (visited)

Altars:
Cheibriados
Gozag
Hepliaklqana
Nemelex Xobeh
Okawaru
Ru
Sif Muna
Trog
Vehumet
Yredelemnul
Zin
Beogh

Shops:
Orc:2 ***[

Annotations:
Lair:4 exclusion: oklob plant
Shoals:4 Polyphemus


Message History

Beogh accepts your kill. The snapping turtle barely misses you.
The merfolk aquamancer casts a spell at you.
Arkwar blocks the torrent of water.
The wave splashes down.
The snapping turtle completely misses you.
Arkwar hits the merfolk aquamancer with a +0 dagger!!
The snapping turtle looks more healthy.
The cyclops completely misses you.
You whack the merfolk aquamancer!
The merfolk aquamancer is heavily wounded.
The snapping turtle misses you.
The merfolk aquamancer casts a spell at you.
The torrent of water hits you!!
* * * LOW HITPOINT WARNING * * *
You are knocked back by the torrent of water.
The wave splashes down.
Something shouts, "Attack, my pets!
Attack!"
Arkwar splashes around in the water.
The snapping turtle barely misses you. The cyclops closely misses you.
You barely miss the merfolk aquamancer.
The merfolk aquamancer is heavily wounded.
Unknown command.
You whack the merfolk aquamancer!
The merfolk aquamancer is poisoned.
The merfolk aquamancer is severely wounded.
You are no longer berserk.
You are exhausted.
You feel yourself slow down. The merfolk aquamancer misses you.
The snapping turtle bites you from afar!
* * * LOW HITPOINT WARNING * * *
Arkwar hits the merfolk aquamancer with a +0 dagger!!
You thrash the cyclops!!
The cyclops is poisoned.
The cyclops convulses.
The cyclops seems to slow down.
The cyclops is heavily wounded.
The snapping turtle closely misses you.
Unknown command.
You whack the cyclops!
The cyclops looks as sick as possible!
The cyclops is severely wounded.
The merfolk aquamancer points at Arkwar and mumbles some strange words.
Arkwar blocks the shard of ice.
Arkwar splashes around in the water.
You block the snapping turtle's attack. The cyclops hits you!
You die...

.≈≈≈≈≈......≈≈≈PP≈≈≈≈≈#
..≈..≈.......≈≈≈≈≈≈≈≈≈#
.....≈......[)P≈≈≈≈≈≈≈#
.........(.).C≈≈≈≈≈≈≈≈#
....(......(<≈≈≈≈≈≈≈≈≈#
##.........).≈P≈≈≈≈≈≈≈#
#.....P.....≈≈≈≈≈≈≈≈≈#
#.......P...≈≈≈≈≈≈≈≈≈#
######...P.)(@m≈≈≈≈≈≈#
##P..≈P≈oC≈≈≈≈≈≈#
##..Pt≈t≈≈≈≈≈≈≈#
#..P≈≈≈≈≈≈≈≈≈≈#
#..≈P≈≈≈≈≈≈≈≈≈#
#..≈≈≈≈≈≈≈≈≈≈≈#
#..≈≈≈≈≈≈≈≈≈≈≈#
#..≈≈≈≈≈≈≈≈≈≈≈#
#..≈≈≈≈≈≈≈≈≈≈≈≈#


You could see Polyphemus, a merfolk aquamancer (very poisoned, ally target), 2
snapping turtles, a cyclops (extremely poisoned, slow) and the friendly Arkwar
the orc knight (drained).

Vanquished Creatures
  Roxanne (Shoals:1)
  An ettin (Orc:2)
  3 merfolk impalers
  2 merfolk javelineers
  2 hydras
  Erica (Lair:1)
  An alligator snapping turtle (Shoals:2)
  A catoblepas (Lair:6)
  An ogre mage (Orc:2)
  3 merfolk avatars
  2 centaur warriors
  4 two-headed ogres
  8 death yaks
  A satyr (Shoals:3)
  A hell knight (Volcano)
  4 sea snakes
  12 harpies
  Pikel (D:8)
  7 manticores
  8 fauns
  A cyclops (Shoals:4)
  2 elephants
  4 merfolk sirens
  A water nymph (Shoals:4)
  5 black mambas
  A molten gargoyle (Volcano)
  A kobold demonologist (D:9)
  7 komodo dragons
  A rime drake (Lair:5)
  3 cane toads
  2 yaktaurs (Volcano)
  7 trolls
  13 merfolk
  4 wind drakes
  4 blink frogs
  4 snapping turtles
  Prince Ribbit (Lair:3)
  Grinder (D:3)
  6 dream sheep
  A shadow (D:11)
  3 wraiths
  5 fire bats (Volcano)
  5 humans
  19 yaks
  3 basilisks
  Eustachio (D:5)
  A vampire mosquito (D:12)
  Menkaure (D:7)
  An acid dragon (D:8)
  8 water moccasins
  3 orc warriors
  A sky beast (D:4)
  11 ogres
  An ice beast (D:6)
  A black bear (D:5)
  3 necrophages
  4 centaurs
  2 wolves (Lair:3)
  A lemure (D:8)
  4 phantoms
  3 kobold brigands
  3 bullfrogs
  A gnoll sergeant (D:10)
  2 scorpions
  2 troll zombies (D:9)
  15 killer bees
  20 wights
  3 howler monkeys (D:9)
  An electric eel (Lair:2)
  6 lava snakes (Volcano)
  6 centaur zombies
  2 hounds (D:6)
  A centaur skeleton (D:6)
  4 orc priests
  2 gnoll shamans
  A bullfrog skeleton (D:5)
  2 iguanas
  7 orc wizards
  3 hell rats
  4 ogre zombies (D:9)
  10 gnolls
  2 howler monkey zombies
  5 adders
  A shadow imp (D:8)
  An adder skeleton (D:5)
  2 worms (D:3)
  6 dart slugs
  14 orcs
  7 ball pythons
  5 bats
  4 endoplasms
  4 giant cockroaches
  2 goblins
  11 hobgoblins
  4 jackals (D:1)
  3 quokkas
  7 frilled lizards
  17 kobolds
  3 orc skeletons (D:9)
  16 orc zombies (D:9)
  8 rats
431 creatures vanquished.

Vanquished Creatures (collateral kills)
  Gastronok (Lair:1)
  A merfolk impaler (Shoals:3)
  A boulder beetle (D:12)
  An ogre mage (Orc:2)
  A centaur warrior (D:12)
  A merfolk avatar (Shoals:4)
  3 catoblepae
  An alligator snapping turtle (Shoals:2)
  6 two-headed ogres
  Urug (Lair:2)
  10 death yaks (Lair:6)
  A lindwurm (Lair:5)
  2 deep trolls (Orc:2)
  6 harpies
  An orc knight (Orc:2)
  An oklob plant (Lair:4)
  2 manticores
  A faun (Shoals:1)
  An orc sorcerer (Orc:2)
  2 cyclopes (Orc:2)
  A water nymph (Shoals:2)
  3 merfolk sirens
  8 elephants
  A black mamba (Lair:4)
  5 cane toads
  5 komodo dragons
  4 trolls (Orc:2)
  A kobold demonologist (D:12)
  A polar bear (Lair:4)
  2 merfolk
  A wind drake (Shoals:2)
  7 blink frogs
  A meliai zombie (D:11)
  2 dream sheep (Lair:6)
  2 water elementals
  16 yaks
  2 basilisks (Lair:3)
  5 vampire mosquitoes
  8 water moccasins
  4 orc warriors
  13 ogres (Orc:2)
  A wolf (Lair:3)
  A kobold brigand (D:12)
  3 bullfrogs
  An orc priest (Orc:2)
  4 orc wizards
  13 hell rats
  A gnoll (Orc:2)
  An adder (Lair:2)
  4 orcs
  A kobold (D:12)
  A bush (Lair:5)
167 creatures vanquished.

Vanquished Creatures (others)
  An orc warlord (Shoals:2)
  4 orc knights
  2 orc high priests
  8 orc warriors
  3 orc priests
  6 orc wizards (Orc:2)
  23 orcs
  60 fungi
  147 plants
254 creatures vanquished.

Grand Total: 852 creatures vanquished

Notes
Turn   | Place    | Note
-------+----------+-------------------------------------------
     0 | D:1      | safid the Hill Orc Fighter began the quest for the Orb.
     0 | D:1      | Reached XP level 1. HP: 19/19 MP: 1/1
   104 | D:1      | Reached XP level 2. HP: 26/27 MP: 2/2
   505 | D:1      | Reached XP level 3. HP: 33/33 MP: 3/3
   796 | D:1      | You fall into a shaft and drop 1 floor!
  1300 | D:2      | Reached XP level 4. HP: 40/40 MP: 4/4
  1605 | D:2      | Found a sparkling altar of Nemelex Xobeh.
  2008 | D:3      | Noticed Grinder
  2018 | D:3      | Paralysed by Grinder for 5 turns
  2027 | D:3      | Killed Grinder
  2028 | D:3      | Reached XP level 5. HP: 17/46 MP: 5/5
  2028 | D:3      | Reached XP level 6. HP: 19/52 MP: 6/6
  2675 | D:3      | Found a faded altar of an unknown god.
  2802 | D:4      | Became a worshipper of Beogh the Brigand
  3525 | D:4      | Noticed a sky beast
  3533 | D:4      | Killed a sky beast
  3546 | D:4      | Noticed a necrophage
  3553 | D:4      | Killed a necrophage
  3554 | D:4      | Reached XP level 7. HP: 58/59 MP: 7/7
  3826 | D:5      | Entered Level 5 of the Dungeon
  4295 | D:5      | Reached skill level 10 in Axes
  4347 | D:5      | Noticed Eustachio
  4357 | D:5      | Killed Eustachio
  4358 | D:5      | Reached XP level 8. HP: 66/66 MP: 8/8
  4867 | D:6      | Reached * piety under Beogh
  4924 | D:5      | Reached XP level 9. HP: 15/71 MP: 9/9
  5370 | D:6      | Found an opulent altar of Gozag.
  5498 | D:6      | Reached skill level 15 in Axes
  6706 | D:7      | Noticed Menkaure
  6712 | D:7      | Killed Menkaure
  6713 | D:7      | Reached skill level 1 in Invocations
  6762 | D:7      | Reached skill level 1 in Evocations
  7177 | D:7      | Found a staircase to the Ecumenical Temple.
  7354 | D:7      | Reached skill level 2 in Invocations
  7467 | D:7      | Reached XP level 10. HP: 66/80 MP: 11/11
  7733 | D:7      | Reached skill level 5 in Fighting
  8064 | D:8      | Reached skill level 3 in Invocations
  8251 | D:8      | Found a snail-covered altar of Cheibriados.
  8251 | D:8      | Found a sacrificial altar of Ru.
  8251 | D:8      | Noticed Pikel
  8264 | D:8      | Killed Pikel
  8265 | D:8      | Reached skill level 5 in Armour
  8265 | D:8      | Reached skill level 5 in Shields
  8819 | D:8      | Reached skill level 4 in Invocations
  8926 | D:8      | Noticed a centaur warrior
  8934 | D:8      | Killed a centaur warrior
  8935 | D:8      | Reached skill level 5 in Invocations
  9070 | D:8      | Reached ** piety under Beogh
  9417 | D:9      | Found a basalt altar of Yredelemnul.
  9528 | D:9      | Found a staircase to the Orcish Mines.
  9885 | D:9      | Noticed a kobold demonologist
  9896 | D:9      | Noticed a smoke demon
  9903 | D:9      | Noticed an orange demon
  9904 | D:9      | Reached skill level 6 in Invocations
  9906 | D:9      | Killed a kobold demonologist
  9907 | D:9      | Reached XP level 11. HP: 21/92 MP: 11/15
 10398 | D:9      | Reached skill level 5 in Evocations
 10527 | D:9      | Reached *** piety under Beogh
 10896 | D:10     | Entered Level 10 of the Dungeon
 11040 | D:10     | Found a radiant altar of Vehumet.
 11040 | D:10     | Found an iron altar of Okawaru.
 11040 | D:10     | Found a glowing silver altar of Zin.
 11085 | D:10     | Reached skill level 7 in Invocations
 11672 | D:10     | Noticed a two-headed ogre
 11680 | D:10     | Killed a two-headed ogre
 11934 | D:11     | Found a hazy altar of Hepliaklqana.
 12023 | D:11     | Identified the +4 scale mail of Honour {rF+}
 12048 | D:11     | Found a staircase to the Lair.
 12107 | D:11     | Reached skill level 8 in Invocations
 12501 | D:12     | Noticed a two-headed ogre
 12507 | D:12     | Killed a two-headed ogre
 12508 | D:12     | Noticed a two-headed ogre
 12515 | D:12     | Killed a two-headed ogre
 12557 | D:12     | Noticed a centaur warrior
 12568 | D:12     | Killed a centaur warrior
 13178 | D:12     | Noticed a boulder beetle
 13194 | D:12     | Killed a boulder beetle
 13195 | D:12     | Reached skill level 9 in Invocations
 13987 | Lair:1   | Entered Level 1 of the Lair of Beasts
 14001 | Lair:1   | Found a shimmering blue altar of Sif Muna.
 14246 | Lair:1   | Noticed Erica
 14256 | Lair:1   | Killed Erica
 14257 | Lair:1   | Reached skill level 1 in Dodging
 14257 | Lair:1   | Reached XP level 12. HP: 106/106 MP: 17/19
 14499 | Lair:1   | Noticed Gastronok
 14509 | Lair:1   | Killed Gastronok
 14944 | Lair:2   | Reached **** piety under Beogh
 14994 | Lair:2   | Found the +8 whip "Snakebite" {venom, curare, rPois}
 15060 | Lair:2   | Reached skill level 10 in Fighting
 15280 | Lair:2   | Reached skill level 1 in Maces & Flails
 15463 | Lair:2   | Noticed Urug
 15473 | Lair:2   | Killed Urug
 15584 | Lair:2   | Found a staircase to the Shoals.
 15602 | Lair:2   | Reached skill level 10 in Invocations
 16269 | Lair:3   | Noticed Prince Ribbit
 16274 | Lair:3   | Killed Prince Ribbit
 16412 | Lair:3   | Reached ***** piety under Beogh
 17374 | Lair:4   | Found a hole to the Spider Nest.
 18035 | Lair:5   | Found a dark tunnel.
 18036 | Lair:5   | Noticed an eight-headed hydra
 18042 | Lair:5   | Killed an eight-headed hydra
 18043 | Lair:5   | Reached XP level 13. HP: 113/114 MP: 10/20
 18093 | Volcano  | Entered a volcano
 18516 | Volcano  | Found a radiant altar of Vehumet.
 19196 | Lair:5   | Found a staircase to the Slime Pits.
 19359 | Lair:5   | Reached skill level 11 in Invocations
 20110 | Lair:6   | Entered Level 6 of the Lair of Beasts
 20224 | Lair:6   | Reached skill level 5 in Maces & Flails
 20800 | Lair:6   | Gained Murdo as an ally
 20804 | Lair:6   | Gained Rocco as an ally
 20805 | Lair:6   | Reached skill level 12 in Invocations
 20942 | Lair:6   | Reached XP level 14. HP: 93/126 MP: 23/23
 21513 | Lair:6   | Reached skill level 13 in Invocations
 22488 | Orc:1    | Entered Level 1 of the Orcish Mines
 22746 | Orc:2    | Entered Level 2 of the Orcish Mines
 22746 | Orc:2    | Found a staircase to the Elven Halls.
 22781 | Orc:2    | Reached ****** piety under Beogh
 22787 | Orc:2    | Gained Morguth as an ally
 22800 | Orc:2    | Found Vaoqit's Assorted Antiques.
 22801 | Orc:2    | Found Miacing's General Store.
 22810 | Orc:2    | Found Ceuts's General Store.
 22823 | Orc:2    | Reached skill level 14 in Invocations
 22824 | Orc:2    | Found Oluz's Armour Shop.
 22831 | Orc:2    | Your ally Morguth died
 22834 | Orc:2    | Your ally Murdo died
 22846 | Orc:2    | HP: 8/195 [something (9)]
 22851 | Orc:2    | HP: 8/195 [something (3)]
 22853 | Orc:2    | HP: 3/195 [something (6)]
 23329 | Orc:2    | Bought the +0 troll leather armour of Cykus {Regen+ rCorr
                  | Stlth+} for 395 gold pieces
 23329 | Orc:2    | Bought a potion of curing for 39 gold pieces
 23329 | Orc:2    | Bought the +3 dire flail of Faffoble {vorpal, rF+ Str+2}
                  | for 509 gold pieces
 23329 | Orc:2    | Bought a scroll of blinking for 97 gold pieces
 23434 | Orc:2    | Bought a pair of embroidered gloves for 217 gold pieces
 23434 | Orc:2    | Bought a scroll of teleportation for 87 gold pieces
 23789 | Orc:2    | Found a bloodstained altar of Trog.
 23819 | Orc:2    | Found a roughly hewn altar of Beogh.
 24108 | Shoals:1 | Entered Level 1 of the Shoals
 24792 | Shoals:1 | Noticed Roxanne
 24827 | Shoals:1 | Your ally Murdo died
 24848 | Shoals:1 | Killed Roxanne
 24849 | Shoals:1 | Reached skill level 15 in Invocations
 25274 | Shoals:1 | Reached XP level 15. HP: 119/139 MP: 26/26
 25560 | Shoals:1 | Reached skill level 15 in Fighting
 26503 | Shoals:2 | Reached skill level 16 in Invocations
 27278 | Shoals:2 | Your ally Rocco died
 27882 | Shoals:2 | Gained Borgk as an ally
 28478 | Shoals:2 | Identified a scroll of acquirement
 28479 | Shoals:2 | Acquired a +0 broad axe of electrocution
 29279 | Shoals:3 | Identified the +5 scale mail of the Solstice {Rampage
                  | +Blink Int+4}
 29659 | Shoals:4 | Entered Level 4 of the Shoals
 29912 | Shoals:4 | Reached skill level 17 in Invocations
 30022 | Shoals:4 | Noticed Polyphemus
 30027 | Shoals:4 | Gained Arkwar as an ally
 30727 | Shoals:3 | Your ally Borgk died
 31162 | Shoals:4 | HP: 5/146 [snapping turtle (11)]
 31164 | Shoals:4 | Slain by a cyclops

Illustrated notes

Levels and vault maps discovered:
D:1:      doesnt_arrival_eight_statues, layout_basic
D:2:      minmay_door_path, layout_basic, basic_altar
D:3:      layout_rooms, shapermc_ecumenical_altar_hornbeckon,
          uniq_crazy_yiuf_cottage, uniq_grinder
D:4:      layout_layer_cave
D:5:      layout_loops_ring, uniq_eustachio
D:6:      layout_cave_pods, grunt_gozag_breadcrumbs, minmay_ruffians
D:7:      layout_cave_pods, temple_statues, uniq_menkaure
D:8:      layout_basic, gammafunk_temple_overflow_pools, uniq_pikel
D:9:      layout_basic, lemuel_zombie_altar_yredelemnul, zombieorc1_lemuel,
          kennysheep_path_1
D:10:     layout_basic, gammafunk_temple_overflow_forgotten
D:11:     layout_roguey, lair_entry_dummy, nicolae_hepliaklqana_hazy_memory
D:12:     layout_stronghold
Lair:1:   layout_long_grid, basic_altar, grunt_megastairs_5, uniq_gastronok,
          uniq_erica
Lair:2:   minmay_guarded_unrand_snakebite, layout_gridlike, shoals_dummy_entry,
          uniq_urug
Lair:3:   layout_concentric_octagons, uniq_prince_ribbit2
Lair:4:   layout_cave_pods, dummy_spider_entry
Lair:5:   layout_layer_cave, slime_dummy, enter_volcano_1,
          nicolae_lair_grove_arrangements
Lair:6:   evilmike_catoblepas_cave, layout_gridlike, serial_bayou_ford_a,
          minivault_25
Shoals:1: layout_shoals, uniq_roxanne
Shoals:2: layout_shoals
Shoals:3: layout_shoals
Shoals:4: shoals_end_hangedman, layout_shoals, nicolae_shoals_sun_and_surf,
          uniq_polyphemus
Orc:1:    layout_caves, nicolae_orc_flooded_monolith
Orc:2:    st_orc_open, layout_caves, basic_altar, minmay_orc_temple_a

Skill      XL: |  1  2  3  4  5  6  7  8  9 10 11 12 13 14 15 |
---------------+----------------------------------------------+-----
Axes           | 3 7 9 10 13 16 | 16.3
Fighting       | 4 7 9 10 12 14 16 | 16.9
Armour         | 4 6 7 8 |  8.0
Shields        | 4 6 7 8 |  8.0
Invocations    | 2 6 9 10 12 15 17 | 17.6
Evocations     | 1 4 7 8 9 |  9.0
Dodging        | 1 3 4 |  4.0
Maces & Flails | 3 7 8 |  8.0

Action                   |  1- 3 |  4- 6 |  7- 9 | 10-12 | 13-15 || total
-------------------------+-------+-------+-------+-------+-------++-------
Melee: War axe           |    99 |   118 |   279 |   596 |       ||  1092
       Whip              |       |       |       |   134 |  1030 ||  1164
Throw: Javelin           |       |       |     4 |       |       ||     4
Invok: Convert to Beogh  |       |     1 |       |       |       ||     1
       Smiting           |       |       |       |     4 |     6 ||    10
       Recall Orcish Fol |       |       |       |     4 |    11 ||    15
       Give Item to Name |       |       |       |       |     4 ||     4
       Resurrection      |       |       |       |       |     1 ||     1
  Use: Potion            |       |     1 |     2 |     2 |    19 ||    24
       Scroll            |       |       |    12 |     8 |    20 ||    40
 Stab: Distracted        |       |       |       |     5 |     7 ||    12
       Petrified         |       |       |       |       |     7 ||     7
Armor: Scale mail        |    34 |       |       |    93 |    53 ||   180
       Plate armour      |     4 |    52 |   135 |   169 |   392 ||   752
       Skin              |       |       |       |       |    32 ||    32
Dodge: Dodged            |    85 |    48 |    89 |   281 |   628 ||  1131
       Repelled          |       |       |       |       |     5 ||     5
Block: Buckler           |    31 |    26 |    52 |   124 |   264 ||   497
